 Dungeon Crawl Stone Soup version 0.17-a0-1850-g688e747 (webtiles) character file.

467 wvc the Poker (level 6, -2/47 HPs)
             Began as a Mummy Chaos Knight on Sept 19, 2015.
             Slain by a gnoll sergeant
             ... wielding a +0 spear
              (7 damage)
             ... on level 3 of the Dungeon.
             The game lasted 00:06:11 (3896 turns).

wvc the Poker (Mummy Chaos Knight)                  Turns: 3896, Time: 00:06:11

Health: -2/47      AC:  5    Str: 16    XL:     6   Next: 81%
Magic:  6/6        EV: 11    Int: 11    God:    Xom [....*.]
Gold:   123        SH:  0    Dex: 13    Spells: 0 memorised, 5 levels left

rFire  . . .     SeeInvis .     a - +1 spear (chaos)
rCold  + . .     Clarity  .     g - +2 leather armour {rF+}
rNeg   + + +     SustAt   .     (no shield)
rPois  ∞         Gourm    .     (no helmet)
rElec  .         Spirit   .     (no cloak)
rCorr  .         Warding  .     (no gloves)
rMut   .         Rnd*Tele +     (no boots)
MR     .....                    (no amulet)
Stlth  +.........               (no ring)
                                d - ring of teleportation (curse)

@: not resistant to hostile enchantments, very unstealthy
A: no food or potions, fire vulnerability, cold resistance 1, negative energy
resistance 3, torment resistance, unbreathing
a: Renounce Religion, Evoke Teleportation


You were on level 3 of the Dungeon.
You worshipped Xom.
You were a beloved toy of Xom.
You were not hungry.

You visited 1 branch of the dungeon, and saw 3 of its levels.

You collected 123 gold pieces.

Inventory:

Hand weapons
 a - a +1 spear of chaos (weapon)
 e - a +1 arbalest of flaming
Armour
 b - a +3 leather armour
 g - a +2 leather armour of fire resistance (worn)
Jewellery
 d - a cursed ring of teleportation (left hand)
Magical devices
 f - a wand of paralysis (21)
Scrolls
 c - 2 scrolls of enchant armour


   Skills:
 - Level 3.0 Fighting
 * Level 6.5 Polearms
 - Level 1.5 Armour
 - Level 0.7 Dodging


You had 5 spell levels left.
You didn't know any spells.

Dungeon Overview and Level Annotations

Branches:
Dungeon (3/15)

Altars:
Ashenzari


Innate Abilities, Weirdness & Mutations

You do not eat or drink.
Your flesh is vulnerable to fire.
You are immune to poison.
Your flesh is cold resistant.
You are immune to negative energy.
You are immune to unholy pain and torment.
You can survive without breathing.


Message History

You hit the centaur but do no damage.
The centaur is almost dead.
The centaur barely misses you.
You hit the centaur. You burn the centaur.
You kill the centaur!
The gnoll sergeant misses you. The gnoll misses you.
You barely miss the gnoll sergeant.
The gnoll sergeant hits you with a spear.
The gnoll hits you from afar with a vampiric spear.
* * * LOW HITPOINT WARNING * * *
The gnoll hits you but does no damage.
The gnoll sergeant hits you with a spear.
* * * LOW HITPOINT WARNING * * *
The gnoll sergeant hits you but does no damage.
The gnoll hits you from afar with a spear.
* * * LOW HITPOINT WARNING * * *
The gnoll misses you.
The gnoll sergeant hits you with a spear!
You die...
Xom laughs nastily!

### ..################
..(.............%#
.................#
......†..........#####
'############..).....#
............#.g.g....#
#'#########.#...g....########**
.)†.....(.#.#...@....'.......>*
..........#.#........########**
..........#.#........#
..........#.#........#
..........#.#....#####
..........#.#....#
..........#)#....#
##'########.#....##
............#..§§§#


You could see a gnoll sergeant (berserk) and 2 gnolls.

Vanquished Creatures
  Grinder (D:3)
  A centaur (shapeshifter) (D:3)
  An adder (D:2)
  7 gnolls (D:3)
  5 worms
  A giant gecko (D:3)
  10 orcs (D:3)
  4 giant cockroaches
  16 goblins
  10 hobgoblins
  2 jackals (D:2)
  5 kobolds
  3 quokkas (D:3)
  3 ball pythons
  8 bats
  3 giant newts
  A giant newt (shapeshifter) (D:1)
  14 rats
95 creatures vanquished.

Notes
Turn   | Place    | Note
--------------------------------------------------------------
     0 | D:1      | wvc the Mummy Chaos Knight began the quest for the Orb.
     0 | D:1      | Reached XP level 1. HP: 18/18 MP: 1/1
   138 | D:1      | Reached XP level 2. HP: 22/24 MP: 2/2
   537 | D:1      | XOM: silly message
   604 | D:2      | Noticed Terence
   612 | D:1      | Noticed Terence
   612 | D:1      | Terence changed into Terence the giant newt
   613 | D:1      | Killed Terence the giant newt
   910 | D:2      | XOM: harmless Erth miscast
   915 | D:2      | Reached XP level 3. HP: 25/29 MP: 3/3
   979 | D:2      | XOM: divination: detect items
   991 | D:2      | XOM: harmless Hex miscast
  1052 | D:2      | XOM: butterfly on damage
  1210 | D:2      | Found a shattered altar of Ashenzari.
  1469 | D:2      | Reached skill level 4 in Polearms
  1516 | D:2      | XOM: harmless Erth miscast
  1807 | D:3      | Reached XP level 4. HP: 35/35 MP: 4/4
  1812 | D:3      | XOM: harmless Ice miscast
  2034 | D:3      | Noticed Grinder
  2038 | D:3      | XOM: confuse monster(s)
  2043 | D:3      | Paralysed by Grinder for 4 turns
  2052 | D:3      | XOM: butterfly on damage
  2069 | D:2      | XOM: noise
  2339 | D:3      | Paralysed by Grinder for 2 turns
  2348 | D:3      | XOM: potion effect (brilliance)
  2355 | D:3      | XOM: butterfly on damage
  2357 | D:3      | Killed Grinder
  2357 | D:3      | Reached skill level 5 in Polearms
  2357 | D:3      | Reached XP level 5. HP: 3/41 MP: 5/5
  2357 | D:3      | Reached XP level 6. HP: 3/47 MP: 6/6
  2712 | D:3      | XOM: cast spell 'Cause Fear'
  2715 | D:3      | XOM: divination: detect creatures
  2883 | D:3      | XOM: enchant monster (good)
  3157 | D:3      | XOM: harmless Chrm miscast
  3282 | D:3      | Reached skill level 6 in Polearms
  3354 | D:3      | HP: 1/47 [gnoll sergeant/spear (16)]
  3354 | D:3      | XOM: smoke on damage
  3485 | D:3      | XOM: god gift: runed arbalest {god gift}
  3896 | D:3      | Slain by a gnoll sergeant

Vault maps used:
D:1:      roderic_crossed_star
D:2:      ashenzari_altar_1, first_bread, uniq_terence
D:3:      corexii_shack_village, nicolae_ru_path_of_blood, uniq_grinder

Action                   |  1- 3 |  4- 6 || total
-------------------------+-------+-------++-------
Melee: Spear             |   145 |   195 ||   340
  Use: Scroll            |     5 |     4 ||     9
 Stab: Confused          |     1 |       ||     1
       Sleeping          |     1 |     1 ||     2
       Petrified         |       |     3 ||     3
       Paralysed         |       |     4 ||     4
       Petrifying        |       |     1 ||     1
